 Dungeon Crawl Stone Soup version 0.25-a0-246-g58704a1ebd (console) character file.

Game seed: 9514585327432306220, levelgen mode: deterministic

1271 Kagalorn the Magician (level 8, 0/58 HPs)
             Began as a Gnoll Wizard on Dec 3, 2019.
             Slain by a crimson imp (4 damage)
             ... on level 7 of the Dungeon.
             The game lasted 00:17:42 (5563 turns).

Kagalorn the Magician (Gnoll Wizard)                Turns: 5563, Time: 00:17:42

Health: 0/58       AC:  3    Str: 10    XL:     8   Next: 53%
Magic:  11/19      EV: 15    Int: 23    God:
Gold:   180        SH:  0    Dex: 13    Spells: 12/22 levels left

rFire    . . .     SeeInvis .   H - +2 whip (flame)
rCold    . . .     Gourm    .   (no shield)
rNeg     . . .     Faith    .   a - +0 robe
rPois    .         Spirit   .   b - +0 hat
rElec    .         Reflect  .   (no cloak)
rCorr    .         Harm     .   c - +0 pair of gloves
MR       .....                  (no boots)
Stlth    +++.......             j - amulet of rage
HPRegen  0.19/turn              (no ring)
MPRegen  0.16/turn              (no ring)

@: no status effects
A: distributed training, fangs 1, strong nose
a: Evoke Berserk Rage


You were on level 7 of the Dungeon.
You were not hungry.

You visited 1 branch of the dungeon, and saw 6 of its levels.
You also visited: Sewer.

You collected 230 gold pieces.
You spent 50 gold pieces at shops.

Inventory:

Hand Weapons
 t - a +0 shortbow
 z - a cursed -2 trident
 A - a +2 dagger of speed
 H - a +2 whip of flaming (weapon)
Missiles
 e - 48 sling bullets
 g - 219 stones (quivered)
 l - 3 curare-tipped darts
 m - 14 poisoned darts
 o - 99 arrows
Armour
 a - a +0 robe (worn)
 b - a +0 hat (worn)
 c - a +0 pair of gloves (worn)
 q - a +0 shield
 y - a +0 scale mail of magic resistance
 B - a +1 robe of magic resistance
Jewellery
 j - an amulet of rage (around neck)
 r - a +3 ring of strength {unknown}
 s - a +1 ring of evasion {unknown}
Wands
 M - a wand of disintegration (8)
Scrolls
 i - a scroll of random uselessness {unknown}
 k - 2 scrolls of magic mapping {unknown}
 n - 5 scrolls of teleportation
 p - 4 scrolls of remove curse {unknown}
 u - 2 scrolls of fear {unknown}
 w - 2 scrolls of amnesia {unknown}
 x - 2 scrolls of immolation {unknown}
 G - a scroll of fog {unknown}
 I - a scroll of enchant weapon
 J - 2 scrolls of blinking {unknown}
Potions
 f - a potion of lignification
 h - a potion of resistance
 v - 4 potions of haste
 C - a potion of cancellation
 D - a potion of heal wounds
 E - 2 potions of curing
 F - a potion of agility
 K - 2 potions of flight
Comestibles
 d - 5 rations
 L - a chunk of flesh


   Skills:
 + Level 3.3 Fighting
 + Level 3.3 Short Blades
 + Level 3.3 Long Blades
 + Level 3.3 Axes
 + Level 3.3 Maces & Flails
 + Level 3.3 Polearms
 + Level 3.3 Staves
 + Level 3.3 Slings
 + Level 3.3 Bows
 + Level 3.3 Crossbows
 + Level 3.3 Throwing
 + Level 3.3 Armour
 + Level 5.7 Dodging
 + Level 5.4 Stealth
 + Level 3.3 Shields
 + Level 3.3 Unarmed Combat
 + Level 7.9 Spellcasting
 + Level 3.5 Conjurations
 + Level 2.6 Hexes
 + Level 2.6 Charms
 + Level 3.5 Summonings
 + Level 2.6 Necromancy
 + Level 3.5 Translocations
 + Level 2.6 Transmutations
 + Level 2.6 Fire Magic
 + Level 2.6 Ice Magic
 + Level 2.6 Air Magic
 + Level 2.6 Earth Magic
 + Level 2.6 Poison Magic
 + Level 3.6 Invocations
 + Level 3.3 Evocations


You had 12 spell levels left.
You knew the following spells:

 Your Spells              Type           Power        Failure   Level  Hunger
a - Magic Dart            Conj           ####         1%          1    None
b - Confusing Touch       Hex            ###...       2%          1    None
c - Conjure Flame         Conj/Fire      ###.....     6%          3    None
e - Mephitic Cloud        Conj/Pois/Air  ###.....     6%          3    None
g - Blink                 Tloc           N/A          2%          2    None

Your spell library contained the following spells:

 Spells                   Type           Power        Failure   Level  Hunger
 Apportation              Tloc           ####..       1%          1    None
 Summon Small Mammal      Summ           ####         1%          1    None
 Animate Skeleton         Necr           N/A          2%          1    None
 Call Imp                 Summ           ####....     2%          2    None
 Slow                     Hex            ###.....     3%          2    None


Dungeon Overview and Level Annotations

Branches:
Dungeon (5/15)              Sewer (visited)
 Temple: D:4-7

Altars:
Elyvilon
Fedhas
Qazlal
Yredelemnul
The Shining One

Shops:
D:4 *

Annotations:
D:5 Eustachio, Grinder


Innate Abilities, Weirdness & Mutations

Your experience applies equally to all skills.
You have very sharp teeth.
Your uncanny sense of smell can sniff out nearby items.


Message History

Aim: a crimson imp (heavily wounded)
The magic dart hits the worker ant.
The worker ant is severely wounded.
A gnoll sergeant comes into view. It is wielding a +0 spear of piercing.
The worker ant misses you.
Casting: Magic Dart (safe; 1% risk of failure)
Confirm with . or Enter, or press ? or * to list all spells.
Aiming: Magic Dart (safe; 1% risk of failure)
Press: ? - help, Shift-Dir - straight line, f/p - crimson imp
Aim: a crimson imp (heavily wounded)
The magic dart hits the worker ant but does no damage.
The worker ant is severely wounded.
The worker ant bites you!
* * * LOW HITPOINT WARNING * * *
The worker ant closely misses you.
The gnoll sergeant completely misses you.
Okay, then.
The crimson imp barely misses you. The worker ant closely misses you.
The crimson imp hits you.
You die...

∆ ∆ ∆ ..# ∆ #
..# ∆ .##
...##
..##.....
#####........
#..@..$...#
#.a5......#
#.g)......#
#.........#
###...#####
...### ..####
#5# .


You could see a gnoll sergeant, a worker ant and a crimson imp.

Vanquished Creatures
  Pikel (D:4)
  Duvessa (D:4)
  Purgy (Sewer)
  An ogre (D:4)
  A centaur (D:2)
  A scorpion (D:5)
  Dowan (D:4)
  2 howler monkeys (D:5)
  2 orc priests (D:3)
  An orc wizard (D:3)
  Ijyb (D:4)
  2 worker ants
  11 adders
  3 oozes
  An adder skeleton (D:4)
  5 worms
  A dart slug (D:1)
  2 leopard geckos
  3 orcs
  3 ball pythons
  5 giant cockroaches
  13 goblins
  8 hobgoblins
  5 kobolds
  2 quokkas
  7 bats
  7 frilled lizards
  2 jackal skeletons
  2 leopard gecko skeletons
  9 rats
104 creatures vanquished.

Vanquished Creatures (others)
  A giant cockroach (D:4)
1 creature vanquished.

Grand Total: 105 creatures vanquished

Notes
Turn   | Place    | Note
-------+----------+-------------------------------------------
     0 | D:1      | Kagalorn the Gnoll Wizard began the quest for the Orb.
     0 | D:1      | Reached XP level 1. HP: 13/13 MP: 8/8
   119 | D:1      | Reached XP level 2. HP: 19/19 MP: 0/10
   367 | D:1      | Reached XP level 3. HP: 18/25 MP: 7/11
   371 | D:1      | Learned a level 2 spell: Blink
   375 | D:1      | Learned a level 3 spell: Conjure Flame
   379 | D:1      | Learned a level 3 spell: Mephitic Cloud
   825 | D:2      | Reached skill level 1 in Invocations
  1089 | D:2      | Found a blossoming altar of Fedhas.
  1136 | D:2      | Noticed a centaur
  1154 | D:2      | Killed a centaur
  1154 | D:2      | Reached skill level 1 in Fighting
  1154 | D:2      | Reached skill level 1 in Short Blades
  1154 | D:2      | Reached skill level 1 in Long Blades
  1154 | D:2      | Reached skill level 1 in Axes
  1154 | D:2      | Reached skill level 1 in Maces & Flails
  1154 | D:2      | Reached skill level 1 in Polearms
  1154 | D:2      | Reached skill level 1 in Staves
  1154 | D:2      | Reached skill level 1 in Slings
  1154 | D:2      | Reached skill level 1 in Bows
  1154 | D:2      | Reached skill level 1 in Crossbows
  1154 | D:2      | Reached skill level 1 in Throwing
  1154 | D:2      | Reached skill level 1 in Armour
  1154 | D:2      | Reached skill level 1 in Shields
  1154 | D:2      | Reached skill level 1 in Unarmed Combat
  1154 | D:2      | Reached skill level 1 in Hexes
  1154 | D:2      | Reached skill level 1 in Charms
  1154 | D:2      | Reached skill level 1 in Necromancy
  1154 | D:2      | Reached skill level 1 in Transmutations
  1154 | D:2      | Reached skill level 1 in Fire Magic
  1154 | D:2      | Reached skill level 1 in Ice Magic
  1154 | D:2      | Reached skill level 1 in Air Magic
  1154 | D:2      | Reached skill level 1 in Earth Magic
  1154 | D:2      | Reached skill level 1 in Poison Magic
  1154 | D:2      | Reached skill level 1 in Evocations
  1154 | D:2      | Reached XP level 4. HP: 7/32 MP: 0/13
  1154 | D:2      | Reached XP level 5. HP: 8/37 MP: 0/14
  2107 | D:3      | Found a white marble altar of Elyvilon.
  2347 | D:3      | Reached XP level 6. HP: 9/44 MP: 2/16
  2895 | D:3      | Found a basalt altar of Yredelemnul.
  3013 | D:4      | Found Ysunoill's General Store.
  3038 | D:4      | Bought a scroll of teleportation for 30 gold pieces
  3038 | D:4      | Bought a scroll of identify for 20 gold pieces
  3040 | D:4      | Noticed a slave
  3040 | D:4      | Noticed a slave
  3040 | D:4      | Noticed a slave
  3155 | D:4      | Noticed Pikel
  3156 | D:4      | Found a glowing drain.
  3156 | D:4      | Noticed a slave
  3182 | D:4      | Killed Pikel
  3182 | D:4      | Reached skill level 5 in Dodging
  3182 | D:4      | Reached XP level 7. HP: 35/51 MP: 3/18
  3272 | Sewer    | Entered a sewer
  3310 | Sewer    | Noticed Purgy
  3331 | Sewer    | Killed Purgy
  3331 | Sewer    | Reached skill level 5 in Stealth
  3605 | D:4      | Reached XP level 8. HP: 57/57 MP: 12/19
  3767 | D:4      | Noticed Dowan
  3768 | D:4      | Noticed Duvessa
  3839 | D:4      | Killed Dowan
  4070 | D:4      | Noticed Ijyb
  4363 | D:4      | Killed Duvessa
  4635 | D:4      | Killed Ijyb
  4767 | D:5      | Entered Level 5 of the Dungeon
  5210 | D:5      | Noticed Grinder
  5341 | D:5      | Found a stormy altar of Qazlal.
  5410 | D:5      | Learned a level 1 spell: Confusing Touch
  5414 | D:5      | Found a glowing golden altar of the Shining One.
  5496 | D:5      | Noticed Eustachio
  5524 | D:5      | You fall into a shaft and drop 2 floors!
  5563 | D:7      | Slain by a crimson imp

Levels and vault maps discovered:
D:1:      psy_arrival_statuary, layout_loops_ring, minmay_pentomino_q4
D:2:      layout_basic, fedhas_altar_3, grunt_ministairs_12,
          wad_floor_pattern_untrapped
D:3:      layout_loops_ring, kennysheep_ying_yang, st_stairs_6,
          minmay_curled_crystal
D:4:      kennysheep_the_goblin_king, layout_rooms,
          cheibrodos_sewer_entry_drain, serial_shops, shop, uniq_pikel,
          uniq_duvessa
D:5:      layout_loops_ring, tso_altar, nicolae_overflow_crystal_walls,
          serial_shops, nicolae_shop_statue_plus, first_ration, uniq_eustachio,
          uniq_grinder, uniq_crazy_yiuf_cottage, uniq_edmund
D:7:      layout_rooms, hangedman_abyss_or_decor_passed

Skill      XL: |  1  2  3  4  5  6  7  8 |
---------------+-------------------------+-----
Conjurations   | 2 3 |  3.5
Summonings     | 2 3 |  3.5
Translocations | 2 3 |  3.5
Invocations    | 1 2 3 |  3.6
Fighting       | 1 2 3 |  3.3
Short Blades   | 1 2 3 |  3.3
Long Blades    | 1 2 3 |  3.3
Axes           | 1 2 3 |  3.3
Maces & Flails | 1 2 3 |  3.3
Polearms       | 1 2 3 |  3.3
Staves         | 1 2 3 |  3.3
Slings         | 1 2 3 |  3.3
Bows           | 1 2 3 |  3.3
Crossbows      | 1 2 3 |  3.3
Throwing       | 1 2 3 |  3.3
Armour         | 1 2 3 |  3.3
Shields        | 1 2 3 |  3.3
Unarmed Combat | 1 2 3 |  3.3
Hexes          | 1 2 |  2.6
Charms         | 1 2 |  2.6
Necromancy     | 1 2 |  2.6
Transmutations | 1 2 |  2.6
Fire Magic     | 1 2 |  2.6
Ice Magic      | 1 2 |  2.6
Air Magic      | 1 2 |  2.6
Earth Magic    | 1 2 |  2.6
Poison Magic   | 1 2 |  2.6
Evocations     | 1 2 3 |  3.3
Dodging        | 5 |  5.7
Stealth        | 5 |  5.4
Spellcasting   | |  7.9

Action                   |  1- 3 |  4- 6 |  7- 9 || total
-------------------------+-------+-------+-------++-------
Melee: Unarmed           |    18 |    22 |       ||    40
       Bite              |     1 |     4 |     8 ||    13
       Dagger            |       |    21 |    11 ||    32
       Whip              |       |       |    57 ||    57
       Punch             |       |       |     1 ||     1
 Cast: Magic Dart        |    56 |   112 |   177 ||   345
       Conjure Flame     |     3 |       |     2 ||     5
       Mephitic Cloud    |     1 |     3 |     8 ||    12
       Confusing Touch   |       |       |     2 ||     2
  Use: Scroll            |       |       |     9 ||     9
 Stab: Confused          |       |     3 |     6 ||     9
       Sleeping          |       |       |     2 ||     2
  Eat: Chunk             |       |     3 |     4 ||     7
       Ration            |       |     1 |     1 ||     2
Armor: Robe              |     8 |    12 |    18 ||    38
Dodge: Dodged            |    21 |    30 |    88 ||   139

Table legend:
 A = Non-vault XP
 B = Vault XP
 C = Vault XP percentage of total XP
 D = Non-vault monster count
 E = Vault monster count
 F = Vault count percentage of total count
                 A         B        C        D         E       F
            +---------+---------+-------+---------+---------+-------
      Total |     853 |     964 |  53.1 |      76 |      28 |  26.9
            +---------+---------+-------+---------+---------+-------
        D:1 |      35 |       5 |  12.5 |      17 |       4 |  19.0
        D:2 |     146 |      14 |   8.8 |      13 |       2 |  13.3
        D:3 |     179 |       3 |   1.6 |      22 |       2 |   8.3
        D:4 |     222 |     784 |  77.9 |      12 |      12 |  50.0
        D:5 |     271 |       0 |   0.0 |      12 |       0 |   0.0
      Sewer |       0 |     158 | 100.0 |       0 |       8 | 100.0
            +---------+---------+-------+---------+---------+-------
